 Dungeon Crawl Stone Soup version 0.29-a0-330-g52719c12eb (webtiles) character file.

Game seed: 11266638722230161086

3054 kae the Firebug (level 9, -22/62 HPs)
             Began as a Demigod Fire Elementalist on Apr 23, 2022.
             Annihilated by a large slime creature (27 damage)
             ... on level 7 of the Dungeon.
             The game lasted 00:05:19 (9446 turns).

kae the Firebug (Demigod Fire Elementalist)         Turns: 9446, Time: 00:05:20

Health: -22/62     AC:  2    Str: 15    XL:     9   Next: 31%
Magic:  12/22      EV: 11    Int: 29    God:
Gold:   462        SH:  6    Dex: 14    Spells: 7/20 levels left

rFire   . . .      SeeInvis .   g - +2 short sword (flame)
rCold   + . .      Faith    .   k - +1 buckler
rNeg    . . .      Spirit   .   a - +0 robe
rPois   .          Reflect  .   (no helmet)
rElec   .          Harm     .   (no cloak)
rCorr   .          Rampage  .   (no gloves)
Will    .....                   (no boots)
Stlth   ++........              (no amulet)
HPRegen 0.20/turn               f - ring of protection from cold
MPRegen 0.18/turn               t - +6 ring of strength

@: no status effects
A: high MP 1, forlorn, divine attributes
a: no special abilities


You were on level 7 of the Dungeon.
You visited 1 branch of the dungeon, and saw 7 of its levels.

You collected 462 gold pieces.

Inventory:

Hand Weapons
 g - a +2 short sword of flaming (weapon)
Armour
 a - a +0 robe (worn)
 k - a +1 buckler (worn)
Magical Staves
 h - a staff of cold
 s - a staff of air
Jewellery
 f - a ring of protection from cold (left hand)
 t - a +6 ring of strength (right hand)
Wands
 r - a wand of flame (10)
Scrolls
 d - 2 scrolls of teleportation
 e - 2 scrolls of blinking
 l - 2 scrolls of identify
 u - a scroll of magic mapping {unknown}
Potions
 b - 3 potions of magic
 c - 3 potions of curing
 i - a potion of resistance
 j - 2 potions of degeneration
 m - a potion of flight
 n - a potion of brilliance
 o - 2 potions of haste
 p - a potion of might
 q - 3 potions of invisibility


   Skills:
 - Level 1.7 Dodging
 - Level 1.7 Stealth
 - Level 5.0 Shields
 + Level 6.1 Spellcasting
 + Level 6.4 Conjurations
 + Level 7.0 Fire Magic


You had 7 spell levels left.
You knew the following spells:

 Your Spells              Type           Power      Damage    Failure   Level
a - Foxfire               Conj/Fire      100%       2x1d9     1%          1
b - Scorch                Fire           98%        2d9       1%          2
c - Conjure Flame         Conj/Fire      47%        6-21      1%          3
d - Inner Flame           Hex/Fire       29%        N/A       4%          3
e - Flame Wave            Conj/Fire      47%        2d10      4%          4

Your spell library contained the following spells:

 Spells                   Type           Power      Damage    Failure   Level
 Ignite Poison            Fire/Tmut/Pois 22%        N/A       9%          3
 Mephitic Cloud           Conj/Pois/Air  21%        N/A       9%          3
 Blink                    Tloc           16%        N/A       11%         2
 Lesser Beckoning         Tloc           8%         N/A       22%         3
 Tukima's Dance           Hex            8%         N/A       22%         3
 Anguish                  Hex/Necr       4%         N/A       56%         4
 Freezing Cloud           Conj/Ice/Air   10%        6-21      63%         5
 Manifold Assault         Tloc           8%         N/A       89%         5
 Conjure Ball Lightning   Conj/Air       13%        3x3d6     96%         6
 Enfeeble                 Hex            4%         N/A       100%        7
 Discord                  Hex            4%         N/A       100%        8
 Disjunction              Tloc           4%         N/A       100%        8
 Chain Lightning          Conj/Air       13%        3d18      100%        9
 Fire Storm               Conj/Fire      23%        8d6       100%        9
 Shatter                  Erth           4%         3d7*      100%        9


Dungeon Overview and Level Annotations

Branches:
Dungeon (7/15)             Temple (0/1) D:5

Annotations:
D:4 exclusion: steam dragon
D:7 2 runed translucent doors, Crazy Yiuf


Innate Abilities, Weirdness & Mutations

You have an increased reservoir of magic. (+10% MP)
You shall have no god before yourself.
Your divine heritage dramatically boosts your attributes as you level up.


Message History

The slime creature is lightly wounded.
The slime creature's fire resistance burns away.
The slime creature is engulfed in blazing flames.
The slime creature hits you!
The slime creature is engulfed in blazing flames.
You block the slime creature's attack.
Casting: Scorch (safe; 1% risk of failure)
Confirm with . or Enter, or press ? or * to list all spells.
Flames lash the slime creature.
The slime creature is burned terribly!
The slime creature is almost dead.
The slime creature is engulfed in blazing flames.
You kill the slime creature!
Your Fire Magic skill increases to level 7!
Casting: Scorch (safe; 1% risk of failure)
Confirm with . or Enter, or press ? or * to list all spells.
You conjure some foxfire!
The foxfire hits the slime creature.
The slime creature is lightly wounded.
The foxfire hits the slime creature!
The slime creature is lightly wounded.
The slime creature is engulfed in blazing flames.
The slime creature hits you!
A slime creature comes into view.
Casting: Foxfire (safe; 1% risk of failure)
Confirm with . or Enter, or press ? or * to list all spells.
Flames lash the slime creature.
The slime creature is heavily wounded.
The slime creature's fire resistance burns away.
The slime creature quivers.
The slime creature is engulfed in blazing flames.
The slime creature hits you but does no damage.
Two slime creatures merge to form a large slime creature.
The large slime creature attacks as you move away!
The large slime creature hits you!!!
Ouch! That really hurt!
* * * LOW HITPOINT WARNING * * *
The large slime creature is engulfed in blazing flames.
The large slime creature attacks as you move away!
The large slime creature hits you!!
You die...

..J.####.# ## .....))..#
####### .. ......#.##)#
#.....# . ..J #.##)#
#.....# ... #.##.# #..P..#
#.# ##.##J# #....##
#####.####..#..### #.._.#
......#........J.# #....#
#####.#....###..@#####).P.#
# #..#...#p#............#
#####.##...#+#...#######..#
.).....#^........# #.##
#######.8.#####.8# #.# #
#.###...#### ####.#
#..##._.# #....# #..##...#
####.#### ####..### ##.##.#


You could see a large slime creature (combustible), a slime creature and a
neutral human (wandering).

Vanquished Creatures
  Prince Ribbit (D:5)
  2 slime creatures (D:7)
  An acid dragon (D:6)
  Duvessa (D:7)
  A black bear (D:6)
  2 orc warriors (D:7)
  3 sky beasts
  An ice beast (D:6)
  A centaur (D:7)
  A phantom (D:4)
  Blork the orc (D:6)
  A kobold brigand (D:7)
  A bullfrog (D:7)
  A necrophage (D:2)
  2 scorpions
  Dowan (D:7)
  4 hounds
  A human zombie (D:7)
  2 gnoll shamans
  5 orc priests
  5 iguanas
  Natasha (thrice) (D:3)
  4 orc wizards
  Robin (D:3)
  9 adders
  13 gnolls
  2 shadow imps
  A white imp (D:6)
  An ufetubus (D:3)
  3 dart slugs
  18 orcs
  9 ball pythons
  4 endoplasms
  3 giant cockroaches
  12 goblins
  10 hobgoblins
  3 jackals (D:1)
  12 kobolds
  4 quokkas (D:1)
  7 bats
  2 frilled lizards
  A jackal zombie (D:7)
  3 rats
163 creatures vanquished.

Vanquished Creatures (others)
  518 foxfires
518 creatures vanquished.

Grand Total: 681 creatures vanquished

Notes
Turn   | Place    | Note
-------+----------+-------------------------------------------
     0 | D:1      | kae the Demigod Fire Elementalist began the quest for the
                  | Orb.
     0 | D:1      | Reached XP level 1. HP: 14/14 MP: 5/5
   201 | D:1      | Reached skill level 1 in Conjurations
   371 | D:1      | Reached XP level 2. HP: 20/20 MP: 2/7
   402 | D:1      | Reached skill level 3 in Fire Magic
  1077 | D:1      | Reached XP level 3. HP: 26/26 MP: 6/9
  1080 | D:1      | Learned a level 2 spell: Scorch
  1084 | D:1      | Learned a level 3 spell: Conjure Flame
  2027 | D:2      | Noticed a necrophage
  2032 | D:2      | Killed a necrophage
  2033 | D:2      | Reached XP level 4. HP: 22/33 MP: 4/10
  2413 | D:3      | Noticed Natasha
  2418 | D:3      | Killed Natasha
  2661 | D:3      | Noticed Robin
  2666 | D:3      | Reached XP level 5. HP: 35/38 MP: 9/12
  2674 | D:3      | Noticed a sky beast
  2867 | D:3      | Killed Robin
  3171 | D:3      | Killed a sky beast
  3172 | D:3      | Reached skill level 1 in Shields
  3172 | D:3      | Reached skill level 4 in Fire Magic
  3237 | D:3      | Reached XP level 6. HP: 44/45 MP: 8/14
  3331 | D:3      | Noticed a fire elemental
  3331 | D:3      | Noticed an air elemental
  3332 | D:3      | Noticed a water elemental
  3357 | D:3      | Noticed Natasha
  3364 | D:3      | Killed Natasha
  3589 | D:3      | Noticed Natasha
  3594 | D:3      | Killed Natasha
  4459 | D:4      | Noticed a steam dragon
  4692 | D:4      | Reached XP level 7. HP: 41/50 MP: 12/15
  5470 | D:5      | Entered Level 5 of the Dungeon
  5803 | D:5      | Noticed Prince Ribbit
  5810 | D:5      | Killed Prince Ribbit
  5811 | D:5      | Reached skill level 5 in Fire Magic
  6390 | D:5      | Found a staircase to the Ecumenical Temple.
  6582 | D:5      | Reached XP level 8. HP: 57/57 MP: 15/18
  7185 | D:6      | Reached skill level 5 in Conjurations
  7260 | D:6      | Reached skill level 5 in Spellcasting
  7296 | D:6      | Noticed Blork the orc
  7307 | D:6      | Killed Blork the orc
  7483 | D:6      | Reached skill level 6 in Fire Magic
  7882 | D:7      | Found a runed translucent door.
  7883 | D:7      | Noticed Crazy Yiuf
  8007 | D:7      | Learned a level 4 spell: Flame Wave
  8011 | D:7      | Learned a level 3 spell: Inner Flame
  8563 | D:7      | Found a runed translucent door.
  8590 | D:7      | Noticed Duvessa
  8592 | D:7      | Killed Duvessa
  8593 | D:7      | Reached skill level 5 in Shields
  8593 | D:7      | Reached XP level 9. HP: 39/62 MP: 1/21
  9096 | D:7      | Noticed Dowan
  9104 | D:7      | Killed Dowan
  9439 | D:7      | Reached skill level 7 in Fire Magic
  9446 | D:7      | Annihilated by a large slime creature

Illustrated notes

Levels and vault maps discovered:
D:1:      co_arrival_random_square_maze, layout_basic, serial_bayou_pond_d,
          minmay_tall_x
D:2:      layout_loops_ring, shapermc_ecumenical_altar_starsandcircs
D:3:      layout_loops_cross, nicolae_qazlal_style_of_elements,
          mainiacjoe_overflow_boulevard, minmay_statues_item, uniq_robin,
          uniq_natasha
D:4:      layout_cave_pods, amcnicky_altar_gilded
D:5:      layout_rooms, mainiacjoe_overflow_brackets,
          minmay_temple_entry_mini_moons, hangedman_abyss_or_decor_slice,
          uniq_prince_ribbit1
D:6:      layout_rooms, mainiacjoe_overflow_alcove_1,
          chequers_temple_overflow_statue_of_worship, uniq_blork_the_orc
D:7:      layout_loops_ring, dk_yredelemnul_ordeal,
          mainiacjoe_overflow_tiny_flanked, lightli_minifort,
          uniq_crazy_yiuf_cottage, uniq_duvessa

Skill      XL: |  1  2  3  4  5  6  7  8  9 |
---------------+----------------------------+-----
Conjurations   | 1 2 3 4 5 6 |  6.4
Spellcasting   | 2 3 4 5 6 |  6.1
Fire Magic     | 3 4 5 6 7 |  7.0
Shields        | 1 2 3 5 |  5.0
Dodging        | |  1.7
Stealth        | |  1.7

Action                   |  1- 3 |  4- 6 |  7- 9 || total
-------------------------+-------+-------+-------++-------
Melee: Unarmed           |     5 |       |       ||     5
       Short sword       |     1 |     2 |     6 ||     9
 Cast: Foxfire           |    66 |   110 |   131 ||   307
       Scorch            |     5 |    11 |    42 ||    58
       Conjure Flame     |       |     1 |     4 ||     5
       Flame Wave        |       |       |     4 ||     4
       Inner Flame       |       |       |     3 ||     3
  Use: Scroll            |     4 |     4 |     9 ||    17
       Potion            |       |     2 |       ||     2
Armor: Robe              |     7 |    10 |     7 ||    24
Dodge: Dodged            |    16 |    44 |    40 ||   100
Block: Buckler           |       |    16 |    27 ||    43

Table legend: (Time is in decaauts)
 A = Elapsed time spent in this place.
 B = Non-inter-level travel time spent in this place.
 C = Inter-level travel time spent in this place.
 D = Time resting spent in this place.
 E = Time spent auto-exploring this place.
 F = Levels seen in this place.
 G = Mean time per level.
                   A        B        C        D        E       F      G
               +--------+--------+--------+--------+--------+-----+--------+
         Total |   9450 |   9162 |    288 |   1018 |   6821 |   7 | 1350.0 |
       Dungeon |   9450 |   9162 |    288 |   1018 |   6821 |   7 | 1350.0 |
               +--------+--------+--------+--------+--------+-----+--------+

Top non-repeatable levels by time:
     D:7: 1715 daAuts
     D:3: 1660 daAuts
     D:1: 1439 daAuts
     D:4: 1387 daAuts
     D:5: 1219 daAuts
     D:2: 1140 daAuts
     D:6: 887 daAuts
